[Event "*** SCC Grand Prix: Titled Tuesday Blitz"]
[Site "Chess.com"]
[Date "2020.09.29"]
[Round "8"]
[White "shriyanasmallya"]
[Black "IngOscarArdila"]
[Result "1/2-1/2"]
[WhiteElo "1608"]
[BlackElo "2146"]
[TimeControl "180+1"]
[EndTime "11:35:00 PDT"]
[Termination "Game drawn by repetition"]

1. e4 e5 2. Nf3 Nc6 3. d4 exd4 4. Nxd4 Nf6 5. Nc3 Bb4 6. Nxc6 bxc6 7. Bd3 d5 8. exd5 cxd5 9. O-O O-O 10. Bg5 c6 11. h3 Bd6 12. Qf3 h6 13. Bxf6 Qxf6 14. Qxf6 gxf6 15. Rad1 Be5 16. f4 Bd4+ 17. Kh2 Rb8 18.
Bh7+ Kxh7 19. Rxd4 Rxb2 20. Rd2 Bf5 21. Rff2 d4 22.
Rxd4 Rxc2 23. Rxc2 Bxc2 24. Rd6 c5 25. Rxf6 Kg7 26.
Rc6 Rd8 27. Rxc5 Rd2 28. Ra5 Rd3 29. Ne4 Rd4 30. Ng3 Rd7 31. f5 Kf6 32. Nh5+ Kg5 33. Ng3 f6 34. Nf1 Bxf5 35. g4 Rd1 36. Rxf5+ Kg6 37.
Ne3 Rd2+ 38. Kg3 Rxa2 39. h4 Ra3 40. Kf3 a5 41. h5+ Kg7 42. Kf4 Ra4+ 43. Kf3 Ra1 44. Nc4 a4 45. Ra5 Kf7 46. Nb6 a3 47. Nc4 a2 48.
Kg2 Ke6 49. Nd2 Kd6 50. Nb3 Rb1 51. Ra6+ Ke5 52. Rxa2 Rxb3 53. Ra4 Rd3 54. Rb4 Re3 55. Kf2 Ra3 56. Rc4 Kd5 57. Rf4 Ke5 58. Rf5+ Ke6 59. Rb5 Rh3 60. Kg2 Rc3 61. Ra5 Kd6 62. Rb5 Re3 63. Rf5 Ke6 64. Ra5 Re5 65. Rxe5+ fxe5 66. Kf3 Kf6 67. Ke4 Kg5 68. Kf3 e4+ 69. Kxe4 Kxg4 70. Ke3 Kxh5 71. Kf2 Kh4 72. Kg2 Kg4 73. Kh2 Kf3 74. Kg1 Kg3 75. Kh1 Kh3 76. Kg1 h5 77. Kf2 Kh2 78. Kf1 Kh1 79. Kf2 h4 80. Kf1 Kh2 81. Kf2 Kh3 82. Kg1 Kg3 83. Kh1 h3 84. Kg1 Kh4 85. Kh1 Kg4 86. Kg1 Kg3 87. Kh1 Kf3 88.
Kh2 Kg4 89. Kg1 Kg3 90. Kh1 Kh4 91. Kh2 Kg4 92. Kg1 1/2-1/2

[Event "*** SCC Grand Prix: Titled Tuesday Blitz"]
[Site "Chess.com"]
[Date "2020.09.29"]
[Round "8"]
[White "zajka-molotok"]
[Black "Unknown_IM"]
[Result "0-1"]
[WhiteElo "2482"]
[BlackElo "2336"]
[TimeControl "180+1"]
[EndTime "11:35:01 PDT"]
[Termination "Unknown_IM won on time"]

1. d4 d5 2. c4 e6 3. Nc3 c6 4. e4 dxe4 5. Nxe4 Bb4+ 6. Nc3 c5 7. Nf3 Nf6 8. Be3 Nc6 9. dxc5 Qxd1+ 10. Rxd1 Ne4 11.
Rc1 Nxc5 12. a3 Bxc3+ 13. Rxc3 b6 14. b4 Ne4 15. Rc1 O-O 16. Bd3 Nf6 17. O-O Bb7 18. c5 bxc5 19. Bxc5 Rfd8 20. Rfd1 Rd7 21. b5 Ne7 22.
Ne5 Rc7 23. Bf1 Ng6 24. Nxg6 hxg6 25. Be3 Rxc1 26. Rxc1 Nd5 27. Bd4 f6 28. a4 e5 29.
Bb2 a6 30. Bc4 axb5 31. axb5 Kh7 32. h3 Nf4 33. Bf1 Ra2 34. Rb1 Be4 35. Re1 Bxg2 36.
Bxg2 Rxb2 37. Bc6 Nxh3+ 38. Kg2 Nxf2 39. Kf3 g5 40. Rf1 g4+ 41. Kg3 Nh3 42. Kxg4 Ng5 43. Kf5 Rb4 44. Rh1+ Kg8 45. Kg6 Kf8 46. Rh8+ Ke7 47.
Kxg7 Ne6+ 48. Kg6 Rg4+ 49. Kh5 Rf4 50. Re8+ Kd6 51. Kg6 Nd4 52. Rd8+ Kc5 53. Be8 Nxb5 54. Rc8+ Kd6 55. Bxb5 Rb4 56. Be8 Rf4 57. Bf7 e4 58. Re8 Kc5 59. Be6 Kd4 60. Bf5 e3 61. Kxf6 Rf2 62.
Kg5 e2 63. Bg4 Kd3 64. Kh4 Kd2 65. Kg3 e1=Q 66. Rxe1 Kxe1 67. Bf3 Ra2 68. Bg4 Ra3+ 69. Kf4 Kf2 70. Bf5 Ra4+ 71. Be4 Rb4 72. Ke5 Ke3 73. Bd5 Rb5 74. Kd6 Kd4 75. Bc6 Rb6 76. Kc7 Kc5 77. Bd7 Rh6 78. Bf5 Rf6 79. Bd7 Rf7 80.
Kd8 Kd6 0-1

[Event "*** SCC Grand Prix: Titled Tuesday Blitz"]
[Site "Chess.com"]
[Date "2020.09.29"]
[Round "8"]
[White "mjray79"]
[Black "antoszu"]
[Result "1/2-1/2"]
[WhiteElo "2428"]
[BlackElo "2585"]
[TimeControl "180+1"]
[EndTime "11:35:03 PDT"]
[Termination "Game drawn by repetition"]

1. d4 Nf6 2. c4 e6 3. Nf3 d5 4. g3 Be7 5. Bg2 O-O 6. O-O c6 7. Qc2 b6 8. b3 Bb7 9. Bb2 Nbd7 10. Nc3 Rc8 11. e4 dxe4 12. Nxe4 Nxe4 13. Qxe4 Nf6 14.
Qe2 c5 15. Rfd1 Qc7 16. dxc5 Qxc5 17. Bd4 Qh5 18. h3 Rfd8 19. Bb2 h6 20. Rxd8+ Rxd8 21. Rd1 Rxd1+ 22. Qxd1 Qf5 23. Nd4 Qa5 24. Bxb7 Qxa2 25. Qc2 Bc5 26. Ne2 Ba3 27. Nc3 Qxb2 28. Qxb2 Bxb2 29.
Nb5 a5 30. Nd6 Bd4 31. Kf1 Bc5 32. Nb5 Kf8 33. Ke2 Ke7 34. Bc6 Nd7 35. f4 Nf6 36. Nc3 Kd6 37. Bg2 Nd7 38. Nb5+ Ke7 39. Kd3 Bd6 40.
Nd4 Bc5 41. Nb5 Bb4 42. Nd4 Nc5+ 43. Kc2 Kd6 44. Nb5+ Kd7 45. Nd4 g5 46. fxg5 hxg5 47. Nf3 f6 48. h4 gxh4 49. gxh4 e5 50. h5 Ne6 51. Bh3 Bf8 52. Nh4 Kd6 53. Nf5+ Kc7 54. h6 Ng5 55. Bg4 Kc6 56. Bh5 Kd7 57. Bg6 Ke6 58. h7 Nxh7 59. Bxh7 Bb4 60. Kd3 Bc5 61. Ne3 Bd4 62. Bf5+ Kf7 63. Nd5 Bg1 64. Ke4 Bf2 65.
Bd7 Kg6 66. Be8+ Kg5 67. Bd7 Bd4 68. Ne3 Bc5 69. Nf5 Bg1 70. Bc6 Bc5 71. Bd5 Bg1 72. Ne3 Bf2 73. Nf5 Bc5 74. Bc6 Bg1 75.
Bb5 Bf2 76. Nd6 Bc5 77. Nf5 Bg1 78. Ng3 Bc5 79. Nf5 Bg1 80. Bd7 Bc5 81. Be6 Bg1 82. Ne3 Bf2 83. Nd5 Bc5 84. Bf5 Bg1 85. Ne7 Bc5 86.
Nd5 Bg1 87. Ne7 Bc5 88. Nd5 1/2-1/2

[Event "*** SCC Grand Prix: Titled Tuesday Blitz"]
[Site "Chess.com"]
[Date "2020.09.29"]
[Round "8"]
[White "MVM2008"]
[Black "dyziotomi99"]
[Result "0-1"]
[WhiteElo "2240"]
[BlackElo "2479"]
[TimeControl "180+1"]
[EndTime "11:35:05 PDT"]
[Termination "dyziotomi99 won by resignation"]

1. e4 c5 2. Nf3 Nc6 3. d4 cxd4 4.
Bc4 e6 5. Nxd4 Nf6 6. Nxc6 bxc6 7. Nc3 d5 8. exd5 cxd5 9. Bb5+ Bd7 10. Bxd7+ Qxd7 11. O-O Bd6 12. Bg5 Be7 13. f4 O-O 14. f5 h6 15. Bf4 exf5 16. Be5 Ne4 17. Nxd5 Bc5+ 18. Kh1 Rad8 19. c4 Nf2+ 20. Rxf2 Bxf2 21. Qf3 f6 22. Bc7 Bd4 23. Bxd8 Rxd8 24. Rd1 Qe6 25. Qd3 Bb6 26. g3 Kh8 27. Qf3 Re8 28. Nf4 Qxc4 29. Rd7 Qe4 30. Ng6+ Kh7 31. Qxe4 fxe4 32. Nf4 e3 33.
Ne2 Rc8 34. Rd3 Rc2 35. Nf4 Rxb2 36. Rd1 Rxa2 37. Re1 g5 38. Nd5 Ra3 39. Nxf6+ Kg6 40. Nd5 Rd3 41. Nxb6 axb6 42. Kg2 b5 43. Kf3 Rd2 44.
Kxe3 Rxh2 45. Rb1 Ra2 46. Rxb5 Ra3+ 47. Kf2 Kh5 48. Kg2 Ra4 49. Rb3 Kg4 50. Rc3 Ra2+ 51. Kg1 h5 52. Kf1 Rb2 53. Kg1 Rd2 54. Kf1 Rh2 55.
Kg1 Ra2 56. Kf1 Ra4 57. Kg1 Re4 58. Kg2 Re2+ 59. Kf1 Rd2 60. Kg1 Rd1+ 61. Kf2 Rd2+ 62. Kg1 Rb2 63. Kf1 Kh3 64. Kg1 Rb1+ 65. Kf2 g4 66. Rc5 Rb2+ 67. Kf1 Kxg3 68. Rxh5 Rb1+ 69. Ke2 Kg2 70. Rh8 g3 71. Rg8 Rb6 72. Rg7 Re6+ 73. Kd3 Re5 74. Kd4 Re1 75. Kd3 Re6 76. Kd2 Re5 77.
Kd3 Kf3 78. Rf7+ Kg2 79. Rg7 Kf2 80. Rf7+ Kg1 81. Kd4 Re1 82. Kd3 g2 83. Kd2 Re4 84. Rg7 Kf2 85. Rf7+ Kg3 86. Rg7+ Rg4 0-1

[Event "*** SCC Grand Prix: Titled Tuesday Blitz"]
[Site "Chess.com"]
[Date "2020.09.29"]
[Round "8"]
[White "queen_iryna"]
[Black "annacramling"]
[Result "1-0"]
[WhiteElo "2300"]
[BlackElo "2041"]
[TimeControl "180+1"]
[EndTime "11:35:06 PDT"]
[Termination "queen_iryna won by resignation"]

1. e4 c5 2. Nf3 e6 3. c4 Nc6 4. Nc3 Nd4 5. Be2 d6 6. O-O Nf6 7.
d3 Be7 8. Be3 e5 9. h3 O-O 10. Nh2 Nd7 11. f4 exf4 12. Bxd4 cxd4 13. Nd5 Bg5 14. Nxf4 Ne5 15. Bg4 Bxg4 16. Nxg4 Ng6 17.
Nxg6 hxg6 18. Qf3 Qb6 19. b3 Qc6 20. Rae1 f5 21. exf5 Qxf3 22. Rxf3 gxf5 23. Nh2 Be3+ 24. Kh1 Rae8 25. Nf1 f4 26. Nh2 a6 27. Ng4 b5 28.
Kh2 bxc4 29. bxc4 Rb8 30. Rff1 Rb2 31. a4 Rfb8 32. Nxe3 fxe3 33. Rf4 Rd2 34. Rxd4 Rbb2 35. Rg4 e2 36. Re4 Rbc2 37. d4 Rxc4 38. R4xe2 Rxe2 39. Rxe2 Rxd4 40. a5 Rd5 41. Ra2 Kf7 42. Kg3 Ke6 43.
Kf4 Rd4+ 44. Ke3 Ke5 45. Rb2 Rd5 46. Ra2 Rb5 47. Kd3 d5 48. g4 d4 49. Re2+ Kd5 50.
Re7 Rxa5 51. Rd7+ Ke5 52. Re7+ Kd5 53. Rxg7 Ke5 54. h4 Ra3+ 55. Kd2 Rh3 56. h5 a5 57. Rg5+ Kf6 58. Rg6+ Kf7 59. Ra6 a4 60. Rxa4 Rh2+ 61. Kd3 Rg2 62. Rxd4 Rg3+ 63. Kc4 Rg2 64. Kd5 Rg1 65. Ke5 Re1+ 66. Kf5 Rf1+ 67. Kg5 Rg1 68. Rf4+ Kg7 69. Rf5 Rg2 70. Rd5 Rg1 71. Rd7+ Kf8 72.
Ra7 Kg8 73. h6 Rf1 74. Kg6 Kf8 75. h7 Rh1 76. Ra8+ Ke7 77. h8=Q Rxh8 78. Rxh8 Ke6 79. Rh7 Ke5 80. Kg7 Kf4 81. g5 Kxg5 82. Rh6 Kf4 83. Kf6 Ke4 84. Rh5 Kd4 85. Ke6 Ke3 86. Rh4 Kd3 87. Ke5 Ke2 88. Rh3 Kf2 1-0

[Event "*** SCC Grand Prix: Titled Tuesday Blitz"]
[Site "Chess.com"]
[Date "2020.09.29"]
[Round "8"]
[White "ajkom197"]
[Black "frederiksvane"]
[Result "1-0"]
[WhiteElo "2481"]
[BlackElo "2668"]
[TimeControl "180+1"]
[EndTime "11:35:14 PDT"]
[Termination "ajkom197 won by checkmate"]

1. c4 Nf6 2. g3 c5 3. Bg2 Nc6 4. Nc3 g6 5. e3 Bg7 6. Nge2 O-O 7. d4 cxd4 8. exd4 d5 9. Nxd5 Nxd5 10. cxd5 Nb4 11. Nc3 Bf5 12. O-O Bd3 13. Re1 Nc2 14.
Re5 Nxa1 15. Qxd3 Bxe5 16. dxe5 Qc7 17. Qb1 Qxe5 18. Be3 Rac8 19. Qxa1 b6 20. Qd1 Rc4 21. Qd2 Rfc8 22. Bf1 Rxc3 23. bxc3 Qxc3 24. Qd1 Qc2 25. Qd4 Qxa2 26. Bh6 f6 27. d6 exd6 28. Qxf6 Qf7 29.
Bc4 d5 30. Bxd5 Rc1+ 31. Bxc1 Qxd5 32. Bb2 Qd1+ 33. Kg2 Qd5+ 34. f3 Qd2+ 35. Kh3 Qd7+ 36. g4 h5 37. Qh8+ Kf7 38. Qg7+ Ke6 39. Qe5+ Kf7 40.
Qg7+ Ke8 41. Qxg6+ Kd8 42. Qxh5 a5 43. Qg5+ Kc7 44.
Qe5+ Kb7 45. Qe4+ Ka7 46. Kg3 a4 47. h4 Qd6+ 48. Be5 Qd2 49. Qxa4+ Kb7 50. Qe4+ Ka6 51. h5 Qd1 52. h6 Qg1+ 53. Kf4 Qc1+ 54. Qe3 Qc4+ 55.
Qd4 Qc1+ 56. Ke4 Qxh6 57. f4 Qc6+ 58. Kf5 Qc2+ 59. Kg5 Qc8 60. f5 Qg8+ 61. Kf4 Qh7 62. Qd3+ Kb7 63. Qd5+ Ka6 64. Qa2+ Kb7 65. Qg2+ Ka6 66.
g5 Qh4+ 67. Qg4 Qf2+ 68. Ke4 Qc2+ 69. Kd5 Qd3+ 70. Qd4 Qxf5 71. Qc4+ Kb7 72. Qc6+ Ka6 73. Qa4+ Kb7 74. Qf4 Qd7+ 75. Ke4 Qc6+ 76. Kf5 Qd7+ 77. Kg6 Qd3+ 78. Qf5 Qe2 79. Kg7 Ka6 80. g6 b5 81.
Kf8 Qd2 82. g7 Qd8+ 83. Kf7 Qd5+ 84. Qe6+ Qxe6+ 85. Kxe6 b4 86. g8=Q Kb5 87. Qb8+ Kc4 88. Kd6 b3 89. Qb6 b2 90. Qxb2 Kd3 91. Qc3+ Ke4 92.
Qd4+ Kf5 93. Qf4+ Kg6 94. Ke6 Kh7 95. Qg3 Kh6 96. Kf6 Kh5 97. Qg5# 1-0

[Event "*** SCC Grand Prix: Titled Tuesday Blitz"]
[Site "Chess.com"]
[Date "2020.09.29"]
[Round "8"]
[White "WIDBIFS"]
[Black "TigrVShlyape"]
[Result "1-0"]
[WhiteElo "2671"]
[BlackElo "2843"]
[TimeControl "180+1"]
[EndTime "11:35:33 PDT"]
[Termination "WIDBIFS won on time"]

1. e4 b6 2. Nc3 Bb7 3. Nf3 g6 4. Bc4 Bg7 5. Qe2 e6 6. O-O d6 7. d4 Ne7 8. a4 a6 9. Bg5 h6 10. Bh4 Nd7 11. Rad1 g5 12. Bg3 Ng6 13. e5 d5 14. Bd3 c5 15. Bxg6 fxg6 16. a5 O-O 17. axb6 Qxb6 18. Na4 Qb4 19. Nxc5 Nxc5 20. dxc5 Qxc5 21.
Nd4 Qe7 22. Qd3 Kh7 23. Rfe1 a5 24. Qb3 Rfb8 25. c3 Bc8 26. Qc2 Bd7 27. f4 Rf8 28.
Qd2 g4 29. Bf2 a4 30. Be3 Rab8 31. Qe2 h5 32. Rd2 Rb7 33. Qa6 Rfb8 34. Ree2 Qe8 35. h3 Rb6 36. Qd3 Bb5 37. Nxb5 Rxb5 38. hxg4 hxg4 39. Bd4 Qf7 40. Qg3 Qf5 41. Qh4+ Kg8 42.
Qe7 R5b7 43. Qg5 Rb3 44. Kh2 Qxg5 45. fxg5 Rf8 46. Kg3 Rf5 47. Kxg4 Bf8 48. Rf2 Kf7 49. Rxf5+ exf5+ 50. Kf4 Ke6 51. g4 fxg4 52. Kxg4 Rb7 53. Rf2 Rf7 54. Rf6+ Rxf6 55. exf6 Bd6 56. Kf3 Kf5 57.
Be3 Ke6 58. Ke2 a3 59. bxa3 Bxa3 60. Kd3 Bd6 61. Ke2 Be5 62. Kd3 Kf7 63. Bd2 Ke6 64.
Ke2 Kf7 65. Kd3 Ke6 66. Be1 Kf7 67. Ke2 Ke6 68. Bd2 Kf7 69. Kd1 Ke6 70. Kc2 Kf7 71.
Kb3 Ke6 72. Kb4 Kd6 73. Kb5 Ke6 74. Kc6 Bg3 75. Be3 Be5 76. Bd2 Bg3 77. Kb7 Kf7 78. Kc8 Ke6 79. Kd8 Kf7 80. Kd7 Be5 81. Kc6 Ke6 82. Kb7 Bg3 83. Kc6 Be5 84. Kb7 Bd6 85.
Kc8 Be5 86. Kd8 Kf7 87. Kd7 Bg3 88. Kc6 1-0

[Event "*** SCC Grand Prix: Titled Tuesday Blitz"]
[Site "Chess.com"]
[Date "2020.09.29"]
[Round "8"]
[White "norwaytoadog"]
[Black "dopolian"]
[Result "1/2-1/2"]
[WhiteElo "2333"]
[BlackElo "2432"]
[TimeControl "180+1"]
[EndTime "11:35:35 PDT"]
[Termination "Game drawn by repetition"]

1. e4 e5 2. Nf3 Nc6 3. Bb5 a6 4. Ba4 Nf6 5. O-O Nxe4 6. d4 b5 7. Bb3 d5 8. dxe5 Be6 9. Nbd2 Be7 10. Re1 Nc5 11. h3 O-O 12. Nf1 d4 13. Bxe6 fxe6 14. Ng3 Qd5 15. Bg5 Bxg5 16. Nxg5 Nxe5 17. Nxh7 Rf4 18. Ng5 Nf7 19. Nxf7 Rxf7 20. Qg4 Raf8 21.
f3 Rf4 22. Qg6 R4f6 23. Qg4 Rf4 24. Qh5 Qxh5 25. Nxh5 R4f5 26. Ng3 Rd5 27. Ne4 Nxe4 28. Rxe4 e5 29. Rd1 Rf5 30. Kf2 c5 31. Ke2 Kf7 32. h4 Rf4 33. Rxf4+ exf4 34. c3 Re5+ 35. Kd2 dxc3+ 36.
Kxc3 Re3+ 37. Kd2 Ke6 38. Rc1 c4 39. a3 Kd5 40. Rh1 Rd3+ 41. Kc2 Re3 42. Kd2 Kd4 43. h5 Rb3 44. Kc2 Re3 45. Kd2 c3+ 46. bxc3+ Rxc3 47. Rh4 Rxa3 48. Rxf4+ Ke5 49. Rf7 Ra2+ 50. Ke3 Rxg2 51. Ra7 Ra2 52. Rxg7 Kf6 53. Rg6+ Kf7 54. Rb6 Kg7 55.
Kf4 Ra4+ 56. Kf5 b4 57. h6+ Kh7 58. Kg5 Ra5+ 59. Kg4 Rb5 60. Rxa6 b3 61. Ra1 Kxh6 62. Rb1 Kg6 63. Kf4 Kf6 64. Ke4 Kg5 65. Kd4 Kf4 66. Kc3 Kxf3 67. Rxb3 Rf5 68. Kd4+ Kf4 69.
Rb8 Rf7 70. Rb6 Rd7+ 71. Kc5 Ke5 72. Rb3 Rd1 73. Re3+ Kf4 74. Re8 Rd7 75. Kc6 Rd1 76. Rf8+ Ke5 77. Re8+ Kf6 78. Rf8+ Ke7 79. Rf3 Rc1+ 80.
Kd5 Rd1+ 81. Kc4 Kd7 82. Rf7+ Ke6 83. Rf3 Rc1+ 84. Kd3 Rd1+ 85. Ke2 Ra1 86. Re3+ Kd5 87. Rd3+ Kc4 88. Rd8 Ra2+ 89. Ke3 Rh2 90. Rc8+ Kd5 91. Rd8+ Ke6 92. Re8+ Kf7 93. Re4 Rh3+ 94. Kd4 Ra3 95. Rf4+ Ke6 96. Re4+ Kd6 97. Re1 Ra4+ 98. Kc3 Rh4 99. Rg1 Kc5 100. Rg5+ Kd6 101. Rg6+ Kd5 102. Rg5+ Kd6 103. Rg6+ Kd5 104. Rg5+ Kd6 1/2-1/2

[Event "*** SCC Grand Prix: Titled Tuesday Blitz"]
[Site "Chess.com"]
[Date "2020.09.29"]
[Round "8"]
[White "Maghalashvili"]
[Black "DariaVoit"]
[Result "1/2-1/2"]
[WhiteElo "2699"]
[BlackElo "2493"]
[TimeControl "180+1"]
[EndTime "11:35:41 PDT"]
[Termination "Game drawn by repetition"]

1. Nf3 Nf6 2. g3 g6 3. Bg2 Bg7 4. O-O O-O 5. c4 c6 6. d4 d5 7. cxd5 cxd5 8. Ne5 e6 9. Nc3 Nfd7 10. f4 Nc6 11. Be3 Nb6 12. Rc1 Bd7 13. b3 f6 14.
Nd3 Ne7 15. Kh1 Nf5 16. Bg1 Qe7 17. Nc5 Bc6 18. g4 Nh4 19. e3 Nxg2 20. Kxg2 Nd7 21. Nxd7 Qxd7 22. Bf2 e5 23. Bg3 exd4 24. exd4 f5 25. g5 Rfe8 26. Qd2 Re7 27. Rfe1 Rae8 28. Rxe7 Rxe7 29. Re1 Rxe1 30. Bxe1 Qd6 31. Bf2 Kf7 32.
Ne2 Bb5 33. Ng1 Qa6 34. Qc2 Bf1+ 35. Kg3 Qd3+ 36. Qxd3 Bxd3 37. Nf3 Bb1 38. a3 Bf8 39.
Ne5+ Ke6 40. b4 a5 41. Be1 Bd6 42. Bd2 Bc2 43. Kf2 Bxe5 44. fxe5 a4 45. b5 b6 46. Ke3 Bb3 47. Ba5 Bc4 48. Bxb6 Bxb5 49. Bc5 Bc4 50.
h4 Bb3 51. Bb4 Bc4 52. Be1 Bb3 53. Bg3 Bc4 54. Kd2 Bb3 55. Kc3 Kd7 56. Kb4 Kc6 57. Bf4 Bc2 58. Ka5 Bb3 59. Ka6 Bc4+ 60. Ka7 Kd7 61. Kb6 Bb3 62. Kc5 Bc4 63. Kb4 Bb3 64.
Kb5 Bc2 65. Kb4 Bb3 66. Kc3 Bc4 67. Kd2 Bb3 68. h5 gxh5 69. Ke1 Ke6 70. Kf2 Bd1 71. Kg3 Kf7 72. Bd2 Ke6 73. Kf4 Be2 74. Be1 Bd1 75.
Kg3 Be2 76. Kh4 Bd1 77. Bg3 Be2 78. g6 hxg6 79. Kg5 Bd1 80. Kxg6 Be2 81. Kg5 Bd1 82. Bh4 Be2 83. Kf4 Bd1 84. Ke3 Bb3 85. Bg5 Bc4 86. Kf3 Bb3 87. Ke2 Bc4+ 88. Kd2 Bb3 89. Kc3 Bd1 90.
Kb4 Bb3 91. Kc5 Bc2 92. Kc6 Bb3 93. Kc7 Bc2 94. Kd8 Bb3 95. Ke8 Bc2 96. Kf8 Bb3 97. Kg7 Bc2 98. Kh6 Bd1 99. Kg6 Be2 100. Kh6 Bf3 101. Bf4 Bg4 102. Kg5 Bf3 103. Bg3 Be2 104. Bh4 Bd1 105. Kf4 Bg4 106. Ke3 Bd1 107. Kd2 Bg4 108. Kc2 Bf3 109. Bg5 Bg4 110. Kc3 Bd1 111. Kb4 Bb3 112. Kc5 Bc2 113. Kc6 Bd1 114. Kb5 Bc2 115. Kb4 Bb3 1/2-1/2

[Event "*** SCC Grand Prix: Titled Tuesday Blitz"]
[Site "Chess.com"]
[Date "2020.09.29"]
[Round "8"]
[White "blitzking1729"]
[Black "seorobert1971"]
[Result "0-1"]
[WhiteElo "2543"]
[BlackElo "2719"]
[TimeControl "180+1"]
[EndTime "11:35:44 PDT"]
[Termination "seorobert1971 won by checkmate"]

1. d4 Nf6 2. Bg5 Ne4 3. Bf4 d5 4. f3 Nf6 5. e4 dxe4 6. Nc3 exf3 7. Nxf3 Bg4 8. Bc4 e6 9. h3 Bh5 10. g4 Bg6 11. Qd2 Nbd7 12. a3 Nb6 13. Bd3 Bxd3 14.
Qxd3 Bd6 15. Be5 Bxe5 16. Nxe5 Nfd7 17. Nf3 Qe7 18. O-O-O O-O-O 19. Rhe1 h6 20. d5 Nf6 21. Qb5 a6 22. Qb3 Rd6 23. dxe6 Rxe6 24. Rxe6 Qxe6 25.
Qxe6+ fxe6 26. Re1 Re8 27. Nd4 Kd7 28. Ne4 Nxe4 29.
Rxe4 Nd5 30. Re1 g5 31. Rd1 Ke7 32. Re1 Kf6 33. Nf5 Rh8 34. Ng3 Nf4 35. Ne4+ Kg6 36. Re3 b6 37. Nd2 h5 38. Nf3 hxg4 39. Ne5+ Kg7 40.
hxg4 Rh1+ 41. Kd2 Rh2+ 42. Kd1 Kf6 43. Nd7+ Ke7 44. Nb8 a5 45. Nc6+ Kd6 46. Ne5 Rh1+ 47. Kd2 Rh2+ 48. Kd1 Ke7 49. Nf3 Rh1+ 50. Kd2 Kf6 51.
Ne5 Nd5 52. Re2 Rh3 53. Nd7+ Ke7 54. Ne5 Rg3 55. Rh2 Kf6 56. Nd7+ Kg7 57. Ne5 Nf6 58. Re2 Kf8 59. Ng6+ Kf7 60. Ne5+ Ke7 61. Rh2 Nxg4 62. Rh7+ Kd6 63. Nf7+ Kc6 64. Nd8+ Kd5 65. Rxc7 Ne5 66. b3 Rg4 67. Rg7 Rg2+ 68. Kd1 g4 69. Rg5 Ke4 70. Nxe6 g3 71. c4 Rg1+ 72. Ke2 Rg2+ 73. Kf1 Rf2+ 74. Ke1 Nf3+ 75. Kd1 g2 76. Rg4+ Kf5 77. Rxg2 Rxg2 78. Nc7 Rd2+ 79. Kc1 Ke5 80. Nd5 Rxd5 81. cxd5 Kxd5 82.
Kc2 Nd4+ 83. Kc3 b5 84. Kb2 Kc5 85. Kc3 b4+ 86. axb4+ axb4+ 87. Kb2 Kd5 88. Ka2 Ke4 89. Kb2 Kd3 90. Ka2 Kc3 91. Ka1 Nxb3+ 92. Ka2 Nc5 93. Kb1 b3 94. Kc1 Na4 95. Kb1 Nb6 96. Kc1 Nc4 97.
Kb1 Na3+ 98. Ka1 b2+ 99. Ka2 b1=Q+ 100. Kxa3 Qb3# 0-1

[Event "*** SCC Grand Prix: Titled Tuesday Blitz"]
[Site "Chess.com"]
[Date "2020.09.29"]
[Round "8"]
[White "SilviusTiberius"]
[Black "DenLaz"]
[Result "1-0"]
[WhiteElo "2650"]
[BlackElo "2797"]
[TimeControl "180+1"]
[EndTime "11:36:24 PDT"]
[Termination "SilviusTiberius won by checkmate"]

1. e4 e5 2. Nf3 Nf6 3. Nxe5 d6 4. Nf3 Nxe4 5. Nc3 Nxc3 6. dxc3 Be7 7. Be3 O-O 8. Qd2 Nc6 9. O-O-O Bf5 10. Be2 Re8 11. h4 Bf6 12. Rhg1 Bg4 13. h5 h6 14. Nd4 Bxe2 15. Qxe2 Nxd4 16. cxd4 Bg5 17. Rd3 Bxe3+ 18.
Rxe3 Qg5 19. g4 Re4 20. c3 Rae8 21. Rg3 c5 22. dxc5 dxc5 23. Kc2 Qf4 24. Rxe4 Rxe4 25. Re3 Rxe3 26. fxe3 Qe4+ 27. Kb3 a6 28. a4 Kf8 29. Qh2 Qe6+ 30. Ka3 Kg8 31. Qb8+ Kh7 32. Qxb7 f5 33. gxf5 Qxf5 34. Qxa6 Qxh5 35. Qd3+ Kh8 36. a5 c4 37. Qd8+ Kh7 38. a6 Qb5 39. b4 Qxa6+ 40. Kb2 h5 41.
Qd5 Kh6 42. b5 Qa4 43. Qd6+ Kh7 44. Qb4 Qxb4+ 45. cxb4 h4 46. b6 h3 47. b7 h2 48.
b8=Q h1=Q 49. Qf4 Qd5 50. Qh4+ Kg6 51. Qg4+ Kf6 52. Qf4+ Ke6 53. Qg4+ Kf7 54. Qf4+ Ke7 55. Qc7+ Kf6 56. Qf4+ Ke6 57. Qg4+ Kd6 58. Qg6+ Kc7 59. Qxg7+ Kc6 60. Qd4 Qg2+ 61. Kc3 Qf2 62. Qxc4+ Kb6 63. Qd4+ Kb7 64. Qd5+ Kb6 65. Qc5+ Kb7 66. e4 Qf3+ 67.
Kd4 Qd1+ 68. Ke5 Qh5+ 69. Kd4 Qd1+ 70. Kc4 Qc2+ 71. Kd5 Qd3+ 72. Qd4 Qb5+ 73. Ke6 Qe8+ 74. Kf5 Qh5+ 75. Ke6 Qe8+ 76. Kd5 Qc6+ 77. Ke5 Qe8+ 78.
Kf4 Qf7+ 79. Ke3 Qb3+ 80. Qd3 Qxb4 81. Qd5+ Kc7 82. Kf4 Qf8+ 83. Qf5 Qa3 84. Qe5+ Kd7 85. Kf5 Qf8+ 86. Qf6 Qc5+ 87. e5 Qc2+ 88. Kg5 Qg2+ 89. Kh6 Qh3+ 90. Kg7 Qg4+ 91. Kf8 Qh3 92. Qf7+ Kd8 93.
Qd5+ Kc7 94. Qc5+ Kd7 95. Qe7+ Kc8 96. Qe8+ Kc7 97. e6 Qh8+ 98. Kf7 Qh7+ 99. Kf6 Qh4+ 100. Kg7 Qg5+ 101. Qg6 Qe5+ 102. Qf6 Qg3+ 103. Kf8 Qb3 104. e7 Qb4 105. Kf7 Qc4+ 106. Kg7 Qg4+ 107. Kf8 Qb4 108. Qf7 Kd7 109. Qe8+ Ke6 110. Qc6+ Kf5 111. Qd5+ Kf6 112. Qf7+ Ke5 113. Kg7 Qc3 114. Qf6+ Kd5 115. Qxc3 Ke4 116. e8=Q+ Kf5 117.
Qee5+ Kg4 118. Qcg3# 1-0

[Event "*** SCC Grand Prix: Titled Tuesday Blitz"]
[Site "Chess.com"]
[Date "2020.09.29"]
[Round "8"]
[White "dpopadic"]
[Black "Omk124"]
[Result "1-0"]
[WhiteElo "2339"]
[BlackElo "2417"]
[TimeControl "180+1"]
[EndTime "11:36:25 PDT"]
[Termination "dpopadic won by resignation"]

1. e4 g6 2. Nc3 Bg7 3. f4 c6 4. Nf3 d6 5. Bc4 Nf6 6. d3 O-O 7. Bb3 d5 8. O-O dxe4 9. Nxe4 Nxe4 10. dxe4 Qb6+ 11. Kh1 Rd8 12. Qe2 Bg4 13. Be3 Qc7 14. c3 a5 15. Bxf7+ Kh8 16. h3 Bxf3 17. Qxf3 Nd7 18.
Qg4 Nf6 19. Qh4 Nxe4 20. Bxg6 Nf6 21. Bd4 Rxd4 22. cxd4 Rd8 23. Rad1 Qb6 24. b3 Kg8 25. Bb1 Nd5 26. Qxh7+ Kf8 27. Rf3 Nf6 28. Qd3 Nh5 29.
Qf5+ Nf6 30. Rfd3 Rd5 31. Qc8+ Rd8 32. Qf5 Rd5 33. Qg6 Qd8 34. R3d2 Qd6 35. Qg3 Nh5 36. Qf3 Nf6 37. Be4 Rh5 38. Bg6 Rd5 39. f5 Nd7 40. Qe3 Nf6 41. Re2 c5 42. Red2 cxd4 43. Rxd4 Ng4 44.
hxg4 Rxd4 45. Rxd4 Bxd4 46. Qe4 Be5 47. Qe1 b6 48.
Qc1 Kg7 49. Qe1 Bg3 50. Qa1+ Kh6 51. Qc1+ Bf4 52. Qe1 Kg5 53. g3 Bxg3 54. Qe3+ Bf4 55. Qf2 Qd1+ 56. Kg2 Qxg4+ 57. Kf1 Qh3+ 58. Qg2+ Kh4 59.
Qxh3+ Kxh3 60. Ke2 Kg3 61. Kd3 Bd6 62. Ke4 Kf2 63.
a4 Ke2 64. Kd5 Kd2 65. Kc4 Bc5 66. Bf7 Ke3 67. Be6 Kf4 68. Bd7 Ke5 69. Bc8 Kf6 70. Be6 Kg5 71. Bc8 Kf4 72. Be6 Ke5 73. Bc8 Kf6 74. Be6 Bd6 75. Kd5 Bb4 76. Kc4 Bc5 77. Kd5 Kg5 78. Kc4 Kf4 79. Bd7 Ke4 80. Be6 Ke3 81.
Bc8 Kd2 82. Be6 Kc1 83. Bd7 Kb2 84. Be6 Ka3 85. Bd7 Kb2 86. Be6 Kc1 87. Bd7 e5 88.
fxe6 Kd2 89. Bc6 Ke3 90. Bd5 Kf4 91. Bc6 Ke5 92. Bd7 Kd6 93. Kb5 Ke7 94. Kc4 Bg1 95. Kd5 Bf2 96. Kc6 Bc5 97. Kc7 Bg1 98. Kc6 Bc5 99.
Kd5 Bg1 100. Kc4 Bc5 101. Kb5 Bg1 102. b4 axb4 103. Kxb4 Bc5+ 104. Kc4 Bg1 105. Kb5 Bc5 106. a5 Kd6 107. axb6 Bg1 108. Ka6 Bf2 109. b7 Kc7 110. e7 Kxd7 111. b8=Q Kxe7 112. Qe5+ Kd7 113. Qd5+ Kc7 114. Qe5+ Kc6 115. Qf6+ Kd5 116. Qxf2 Ke4 117. Qb6 Kd3 118. Kb5 Kc3 119. Qc6+ Kb3 120. Qc5 Ka2 121. Qc4+ Ka1 122. Kc5 Kb2 123. Kd4 Ka1 124. Qb5 Ka2 125. Kd3 Ka3 126. Kc3 Ka2 1-0

[Event "*** SCC Grand Prix: Titled Tuesday Blitz"]
[Site "Chess.com"]
[Date "2020.09.29"]
[Round "9"]
[White "Klavdia_Nik"]
[Black "dianamirza"]
[Result "1-0"]
[WhiteElo "2169"]
[BlackElo "1937"]
[TimeControl "180+1"]
[EndTime "11:38:02 PDT"]
[Termination "Klavdia_Nik won by resignation"]

1. Nf3 Nf6 2. c4 c5 3. b3 g6 4. Bb2 Bg7 5. g3 O-O 6. Bg2 Nc6 7. O-O d6 8. d4 cxd4 9. Nxd4 Qc7 10. Nc3 Nxd4 11. Qxd4 Nd7 12. Qxg7+ Kxg7 13. Nd5+ 1-0

[Event "*** SCC Grand Prix: Titled Tuesday Blitz"]
[Site "Chess.com"]
[Date "2020.09.29"]
[Round "9"]
[White "FontVella8"]
[Black "frederiksvane"]
[Result "0-1"]
[WhiteElo "2484"]
[BlackElo "2672"]
[TimeControl "180+1"]
[EndTime "11:39:29 PDT"]
[Termination "frederiksvane won by resignation"]

1. e4 c5 2. Nf3 g6 3. d4 cxd4 4. Qxd4 Nf6 5. Nc3 Nc6 6. Qa4 d6 7. e5 dxe5 8. Nxe5 Bg7 9. Nxc6 bxc6 10. Qxc6+ Bd7 11. Qf3 O-O 12. h3 Qc7 13. Bf4 Qb6 14.
O-O-O Bc6 15. Qe3 Qb7 16. f3 Nd5 17. Nxd5 Qxb2+ 18. Kd2 Bxd5 19. Bd3 e5 20. Bh6 Bxh6 21. Qxh6 Rfe8 22. Rhe1 Rad8 23. Ke2 e4 24. fxe4 Bxe4 25. Kf1 Bxd3+ 26. cxd3 Qxa2 27. Rd2 Rxe1+ 28. Kxe1 Re8+ 0-1

[Event "*** SCC Grand Prix: Titled Tuesday Blitz"]
[Site "Chess.com"]
[Date "2020.09.29"]
[Round "9"]
[White "ferdipy"]
[Black "lelya96"]
[Result "1-0"]
[WhiteElo "2351"]
[BlackElo "2198"]
[TimeControl "180+1"]
[EndTime "11:39:30 PDT"]
[Termination "ferdipy won by resignation"]

1. e4 e5 2. Nf3 Nc6 3. Bc4 Nf6 4. Ng5 d5 5. exd5 Na5 6. Bb5+ Bd7 7. Qe2 Be7 8. Nc3 O-O 9. O-O Bxb5 10. Qxb5 c6 11. dxc6 Nxc6 12. d3 Nd4 13. Qxb7 Nxc2 14. Rb1 Bc5 15.
Nce4 Bb6 16. Qc6 Nxe4 17. dxe4 Rc8 18. Qa4 Qf6 19. Nf3 Rfd8 20. Bg5 Qg6 21. Bxd8 Bxd8 22. Rbc1 1-0